AAA E
MEMPHIS REDBIRDS @ COLUMBUS CLIPPERS
06/07/2030
 
TOP OF THE 1ST
Memphis Redbirds batting - Pitching for Columbus Clippers : RHP Jeff Lewis
Pitching: RHP Jeff Lewis
Batting: RHB Sean Dallin 0-0: Ball
1-0: Ball
2-0: Ground out 6-3 (Groundball, 56D, EV 109.4 MPH)
Batting: SHB Andy Barone 0-0: Ball
1-0: Called Strike
1-1: Foul Ball, location: 7LMF
1-2: Strikes out looking
Batting: RHB Chris Grabowski 0-0: Called Strike
0-1: Ground out 4-3 (Groundball, 34, EV 80.6 MPH)
Top of the 1st over - 0 runs, 0 hits, 0 errors, 0 left on base; Memphis 0 - Columbus 0
BOTTOM OF THE 1ST
Columbus Clippers batting - Pitching for Memphis Redbirds : RHP Ian Barrett
Pitching: RHP Ian Barrett
Batting: SHB Leody Taveras 0-0: Ball
1-0: Foul Ball, location: 2F
1-1: Ball
2-1: Ball
3-1: Fly out, F5 (Popup, 15, EV 83.1 MPH)
Batting: LHB Angel Ortiz 0-0: Ball
1-0: Ball
2-0: Foul Ball, location: 2F
2-1: Foul Ball, location: 5F
2-2: Ball
3-2: Ground out U3 (Groundball, 34S, EV 78.1 MPH)
Batting: LHB Randy Jackson 0-0: Ball
1-0: Ball
2-0: Foul Ball, location: 9LMF
2-1: Ground out 6-3 (Groundball, 4MD, EV 99.4 MPH)
Bottom of the 1st over - 0 runs, 0 hits, 0 errors, 0 left on base; Memphis 0 - Columbus 0
TOP OF THE 2ND
Memphis Redbirds batting - Pitching for Columbus Clippers : RHP Jeff Lewis
Batting: RHB Ryan Vilade 0-0: Called Strike
0-1: Called Strike
0-2: Foul Ball, location: 7LSF
0-2: Strikes out looking
Batting: LHB Chris Novak 0-0: Ball
1-0: Ball
2-0: Fly out, F8 (Flyball, 8RM, EV 85.6 MPH)
Batting: LHB Ricky Sementilli 0-0: Called Strike
0-1: Called Strike
0-2: Ball
1-2: Ball
2-2: SINGLE (Flyball, 6D, EV 89.4 MPH)
Batting: RHB Jeremy Rivas 0-0: Fly out, F8 (Flyball, 8LD, EV 101.3 MPH)
Top of the 2nd over - 0 runs, 1 hit, 0 errors, 1 left on base; Memphis 0 - Columbus 0
BOTTOM OF THE 2ND
Columbus Clippers batting - Pitching for Memphis Redbirds : RHP Ian Barrett
Batting: LHB Luis Medina 0-0: Ball
1-0: Ball
2-0: Ground out 6-3 (Groundball, 4, EV 100.0 MPH)
Batting: LHB Jose Tena 0-0: Called Strike
0-1: Foul Ball, location: 2F
0-2: Ball
1-2: Ball
2-2: Strikes out swinging
Batting: RHB Colton Welker 0-0: Fly out, F7 (Flyball, 7LM, EV 80.6 MPH)
Bottom of the 2nd over - 0 runs, 0 hits, 0 errors, 0 left on base; Memphis 0 - Columbus 0
TOP OF THE 3RD
Memphis Redbirds batting - Pitching for Columbus Clippers : RHP Jeff Lewis
Batting: RHB Ahzeem Monnier 0-0: Ball
1-0: Ground out 6-3 (Groundball, 6, EV 91.9 MPH)
Batting: RHB Eddie Aguilar 0-0: Ball
1-0: Ball
2-0: Called Strike
2-1: Ball
3-1: Foul Ball, location: 5FF
3-2: Foul Ball, location: 2F
3-2: Foul Ball, location: 9LDF
3-2: SINGLE (Groundball, 34D, EV 96.9 MPH)
Batting: RHB Sean Dallin 0-0: Swinging Strike
0-1: Ball
1-1: Foul Ball, location: 23F
1-2: Ball
2-2: SINGLE (Line Drive, 34D, EV 100.6 MPH)
Eddie Aguilar to second
Batting: SHB Andy Barone 0-0: Ball
1-0: Called Strike
1-1: Called Strike
1-2: Strikes out swinging
Batting: RHB Chris Grabowski 0-0: Ball
1-0: Foul Ball, location: 9LMF
1-1: Ball
2-1: Foul Ball, location: 2F
2-2: Fly out, F8 (Flyball, 8RXD, EV 100.6 MPH)
Top of the 3rd over - 0 runs, 2 hits, 0 errors, 2 left on base; Memphis 0 - Columbus 0
BOTTOM OF THE 3RD
Columbus Clippers batting - Pitching for Memphis Redbirds : RHP Ian Barrett
Batting: RHB Franklin Punzo 0-0: Called Strike
0-1: Fly out, F5 (Popup, 56, EV 66.9 MPH)
Batting: RHB Mike Melgar 0-0: Called Strike
0-1: Called Strike
0-2: Foul Ball, location: 3FF
0-2: Fly out, F8 (Line Drive, 8RM, EV 95.0 MPH)
Batting: RHB Roylems Rangel 0-0: Fly out, F7 (Flyball, 78D, EV 100.6 MPH)
Bottom of the 3rd over - 0 runs, 0 hits, 0 errors, 0 left on base; Memphis 0 - Columbus 0
TOP OF THE 4TH
Memphis Redbirds batting - Pitching for Columbus Clippers : RHP Jeff Lewis
Batting: RHB Ryan Vilade 0-0: Called Strike
0-1: Called Strike
0-2: Ball
1-2: SINGLE (Flyball, 7LS, EV 88.1 MPH)
Batting: LHB Chris Novak 0-0: Ball
1-0: Ball
2-0: Called Strike
2-1: Swinging Strike
2-2: Ball
3-2: SINGLE (Flyball, 6D, EV 90.6 MPH)
Ryan Vilade to second
Ryan Vilade to third
Batting: LHB Ricky Sementilli 0-0: Called Strike
0-1: Swinging Strike
0-2: Ball
1-2: Ball
2-2: Strikes out swinging
Batting: RHB Jeremy Rivas 0-0: Ball
1-0: Called Strike
1-1: Fly out, F7 (Flyball, 7D, EV 92.5 MPH)
Runner from 3rd tags up, SCORES, no throw by LF
Batting: RHB Ahzeem Monnier 0-0: Ball
1-0: Called Strike
1-1: Foul Ball, location: 23F
1-2: Foul Ball, location: 2F
1-2: Foul Ball, location: 2F
1-2: Ball
2-2: Strikes out swinging
Top of the 4th over - 1 run, 2 hits, 0 errors, 1 left on base; Memphis 1 - Columbus 0
BOTTOM OF THE 4TH
Columbus Clippers batting - Pitching for Memphis Redbirds : RHP Ian Barrett
Batting: SHB Leody Taveras 0-0: Ball
1-0: Called Strike
1-1: Called Strike
1-2: Ball
2-2: Fly out, F9 (Line Drive, 9, EV 85.0 MPH)
Batting: LHB Angel Ortiz 0-0: Called Strike
0-1: SINGLE (Line Drive, 89S, EV 108.1 MPH)
Batting: LHB Randy Jackson 0-0: Fly out, F9 (Flyball, 89M, EV 74.4 MPH)
Batting: LHB Luis Medina 0-0: Called Strike
0-1: Ball
Angel Ortiz steals 2nd base
1-1: Foul Ball, location: 9LDF
1-2: Ball
2-2: Ball
3-2: Strikes out swinging
Bottom of the 4th over - 0 runs, 1 hit, 0 errors, 1 left on base; Memphis 1 - Columbus 0
TOP OF THE 5TH
Memphis Redbirds batting - Pitching for Columbus Clippers : RHP Jeff Lewis
Batting: RHB Eddie Aguilar 0-0: Fly out, F2 (Popup, 2R, EV 92.5 MPH)
Batting: RHB Sean Dallin 0-0: Swinging Strike
0-1: Ball
1-1: Fly out, F7 (Flyball, 78S, EV 78.8 MPH)
Batting: SHB Andy Barone 0-0: Ball
1-0: Foul Ball, location: 23F
1-1: Ball
2-1: Called Strike
2-2: Ball
3-2: Base on Balls
Batting: RHB Chris Grabowski 0-0: Ball
1-0: Ball
2-0: Foul Ball, location: 25FF
2-1: Foul Ball, location: 9LSF
2-2: Ground out 4-3 (Groundball, 4, EV 101.9 MPH)
Top of the 5th over - 0 runs, 0 hits, 0 errors, 1 left on base; Memphis 1 - Columbus 0
BOTTOM OF THE 5TH
Columbus Clippers batting - Pitching for Memphis Redbirds : RHP Ian Barrett
Batting: LHB Jose Tena 0-0: Called Strike
0-1: Foul Ball, location: 2F
0-2: Ball
1-2: Fly out, F9 (Flyball, 89M, EV 92.5 MPH)
Batting: RHB Colton Welker 0-0: Ball
1-0: Ball
2-0: Called Strike
2-1: Foul Ball, location: 9LDF
2-2: Strikes out swinging
Batting: RHB Franklin Punzo 0-0: Ball
1-0: Ball
2-0: Called Strike
2-1: Fly out, F9 (Flyball, 9LM, EV 110.6 MPH)
Bottom of the 5th over - 0 runs, 0 hits, 0 errors, 0 left on base; Memphis 1 - Columbus 0
TOP OF THE 6TH
Memphis Redbirds batting - Pitching for Columbus Clippers : RHP Jeff Lewis
Batting: RHB Ryan Vilade 0-0: Called Strike
0-1: Ball
1-1: Ball
2-1: Foul Ball, location: 2F
2-2: Ball
3-2: Strikes out swinging
Batting: LHB Chris Novak 0-0: Called Strike
0-1: Called Strike
0-2: Ball
1-2: Ball
2-2: Strikes out looking
Batting: LHB Ricky Sementilli 0-0: SINGLE (Groundball, 13S, EV 68.8 MPH) (infield hit)
Pitching: RHP Jesus Mercado
Batting: RHB Jeremy Rivas 0-0: Swinging Strike
0-1: Swinging Strike
0-2: Ball
1-2: Ball
2-2: Strikes out swinging
Top of the 6th over - 0 runs, 1 hit, 0 errors, 1 left on base; Memphis 1 - Columbus 0
BOTTOM OF THE 6TH
Columbus Clippers batting - Pitching for Memphis Redbirds : RHP Ian Barrett
Batting: RHB Mike Melgar 0-0: Ball
1-0: Ball
2-0: Ball
3-0: Called Strike
3-1: Swinging Strike
3-2: Foul Ball, location: 5F
3-2: Ground out 2-3 (Groundball, 15S, EV 73.8 MPH)
Batting: RHB Roylems Rangel 0-0: Ball
1-0: Ball
2-0: Ball
3-0: Called Strike
3-1: Foul Ball, location: 2RF
3-2: DOUBLE (Flyball, 8RD, EV 100.0 MPH)
Pinch Runner at 2nd Alex Ortega:
Batting: SHB Leody Taveras 0-0: Ball
1-0: Ball
2-0: Ball
3-0: Base on Balls
Batting: LHB Angel Ortiz 0-0: Swinging Strike
0-1: Foul Ball, location: 9LSF
0-2: Ball
1-2: Strikes out swinging
Batting: LHB Randy Jackson 0-0: Ball
1-0: Called Strike
1-1: Ground out 4-3 (Groundball, 4, EV 88.1 MPH)
Bottom of the 6th over - 0 runs, 1 hit, 0 errors, 2 left on base; Memphis 1 - Columbus 0
TOP OF THE 7TH
Memphis Redbirds batting - Pitching for Columbus Clippers : RHP Jesus Mercado
Now at C: Raul Velazguez
Batting: RHB Ahzeem Monnier 0-0: Ball
1-0: Called Strike
1-1: Fly out, F9 (Flyball, 9D, EV 91.9 MPH)
Batting: RHB Eddie Aguilar 0-0: Ball
1-0: Foul Ball, location: 2F
1-1: Swinging Strike
1-2: Strikes out swinging
Batting: RHB Sean Dallin 0-0: Called Strike
0-1: Ball
1-1: SINGLE (Line Drive, 9LS, EV 100.6 MPH)
Batting: SHB Andy Barone 0-0: Ball
Sean Dallin is caught stealing 2nd base 2-6
Top of the 7th over - 0 runs, 1 hit, 0 errors, 0 left on base; Memphis 1 - Columbus 0
BOTTOM OF THE 7TH
Columbus Clippers batting - Pitching for Memphis Redbirds : RHP Ian Barrett
Batting: LHB Luis Medina 0-0: Ball
1-0: DOUBLE (Flyball, 8RD, EV 97.5 MPH)
Batting: LHB Jose Tena 0-0: Ball
1-0: Called Strike
1-1: Fly out, F7 (Flyball, 7LD, EV 99.4 MPH)
Pinch Hitting: LHB Gavin Sheets 0-0: Ball
1-0: Called Strike
1-1: Fly out, F5 (Popup, 5, EV 61.3 MPH)
Batting: RHB Franklin Punzo 0-0: Ball
1-0: Foul Ball, location: 2F
1-1: DOUBLE (Line Drive, 9LM, EV 100.0 MPH)
Luis Medina scores
Pitching: RHP Andy Lisewski
Pinch Hitting: LHB Blake Rutherford 0-0: Swinging Strike
0-1: Ball
1-1: Ball
2-1: Ball
3-1: Called Strike
3-2: Base on Balls
Batting: RHB Raul Velazguez 0-0: Ball
1-0: Ball
2-0: Called Strike
2-1: Foul Ball, location: 5F
2-2: SINGLE (Groundball, 6MD, EV 103.8 MPH)
Franklin Punzo to third
Blake Rutherford to second
Runner from 3rd tries for Home, SAFE, throw by CF to home
Batting: SHB Leody Taveras 0-0: Ball
1-0: Ball
2-0: Ball
3-0: Base on Balls
Blake Rutherford to third
Raul Velazguez to second
Batting: LHB Angel Ortiz 0-0: Foul Ball, location: 7LMF
0-1: Hit by Pitch
Blake Rutherford scores
Raul Velazguez to third
Leody Taveras to second
Batting: LHB Randy Jackson 0-0: Ball
1-0: Ball
2-0: Ball
3-0: Called Strike
3-1: Base on Balls
Raul Velazguez scores
Leody Taveras to third
Angel Ortiz to second
Batting: LHB Luis Medina 0-0: Ball
1-0: Foul Ball, location: 25FF
1-1: Called Strike
1-2: Foul Ball, location: 25F
1-2: Foul Ball, location: 3SF
1-2: Ball
2-2: Foul Ball, location: 7LDF
2-2: Ball
3-2: Foul Ball, location: 7LSF
3-2: Base on Balls
Leody Taveras scores
Angel Ortiz to third
Randy Jackson to second
Pitching: RHP Ed Phipps
Batting: LHB Jose Tena 0-0: Ball
1-0: Called Strike
1-1: Called Strike
1-2: Ball
2-2: Fielders Choice at 2nd, U4 (Groundball, 4M, EV 104.4 MPH)
Bottom of the 7th over - 5 runs, 3 hits, 0 errors, 3 left on base; Memphis 1 - Columbus 5
TOP OF THE 8TH
Memphis Redbirds batting - Pitching for Columbus Clippers : RHP Jesus Mercado
Now at 2B: Emilio Perez
Now at 3B: Kody Hoese
Batting: SHB Andy Barone 0-0: Foul Ball, location: 23F
0-1: Foul Ball, location: 2F
0-2: Foul Ball, location: 5DF
0-2: Foul Ball, location: 2F
0-2: Ball
1-2: Ball
2-2: Ball
3-2: Ground out 1-3 (Groundball, 34S, EV 70.0 MPH)
Batting: RHB Chris Grabowski 0-0: SOLO HOME RUN (Flyball, 8LXD, EV 105.6 MPH), Distance : 424 ft
Pitching: RHP Sergio Gomez
Batting: RHB Ryan Vilade 0-0: Ball
1-0: Called Strike
1-1: Ground out 6-3 (Groundball, 6, EV 84.4 MPH)
Batting: LHB Chris Novak 0-0: Ball
1-0: Ball
2-0: Foul Ball, location: 7LMF
2-1: Foul Ball, location: 7LSF
2-2: Ball
3-2: Base on Balls
Batting: LHB Ricky Sementilli 0-0: Ball
1-0: Ball
2-0: Ball
3-0: Foul Ball, location: 7LDF
3-1: SINGLE (Groundball, 34D, EV 98.8 MPH)
Chris Novak to second
Runner from 2nd tries for 3rd, SAFE, throw by RF made to third
Batting: RHB Jeremy Rivas 0-0: Ground out 4-3 (Groundball, 34, EV 86.3 MPH)
Top of the 8th over - 1 run, 2 hits, 0 errors, 2 left on base; Memphis 2 - Columbus 5
BOTTOM OF THE 8TH
Columbus Clippers batting - Pitching for Memphis Redbirds : RHP Ed Phipps
Batting: RHB Emilio Perez 0-0: Swinging Strike
0-1: Ball
1-1: Ball
2-1: Ball
3-1: Called Strike
3-2: Base on Balls
Batting: RHB Franklin Punzo 0-0: Called Strike
0-1: Foul Ball, location: 7LMF
0-2: Foul Ball, location: 9LMF
0-2: Fly out, F7 (Flyball, 7LM, EV 96.3 MPH)
Batting: RHB Kody Hoese 0-0: Called Strike
0-1: Grounds into double play, 6-4-3 (Groundball, 6M, EV 89.4 MPH)
Bottom of the 8th over - 0 runs, 0 hits, 0 errors, 0 left on base; Memphis 2 - Columbus 5
TOP OF THE 9TH
Memphis Redbirds batting - Pitching for Columbus Clippers : RHP Sergio Gomez
Pitching: LHP Francis Gomez
Batting: RHB Ahzeem Monnier 0-0: Swinging Strike
0-1: Ball
1-1: Foul Ball, location: 3F
1-2: Ball
2-2: Foul Ball, location: 2F
2-2: Strikes out swinging
Batting: RHB Eddie Aguilar 0-0: Ball
1-0: Foul Ball, location: 3FF
1-1: Swinging Strike
1-2: Strikes out swinging
Batting: RHB Sean Dallin 0-0: Ball
1-0: Swinging Strike
1-1: Foul Ball, location: 3SF
1-2: Foul Ball, location: 25F
1-2: Strikes out swinging
Top of the 9th over - 0 runs, 0 hits, 0 errors, 0 left on base; Memphis 2 - Columbus 5
Monday, March 18th , 2024 - OOTP Baseball 24.7 Build 72